 Dungeon Crawl Stone Soup version 0.27.1-1-g398f81649c (webtiles) character file.

Game seed: 10361793078787706403

2940 pokedragonboy the Cleaver (level 9, -13/57 HPs)
             Began as a Gargoyle Fighter on Sept 14, 2021.
             Mangled by a boulder beetle (36 damage)
             ... on level 8 of the Dungeon.
             The game lasted 00:11:57 (6873 turns).

pokedragonboy the Cleaver (Gargoyle Fighter)        Turns: 6873, Time: 00:11:58

Health: -13/57     AC: 24    Str: 21    XL:     9   Next: 80%
Magic:  12/12      EV:  5    Int: 10    God:
Gold:   304        SH:  9    Dex: 10    Spells: 8/8 levels left

rFire    . . .     SeeInvis .   e - +2 hand axe (elec)
rCold    . . .     Faith    .   c - +0 kite shield
rNeg     + . .     Spirit   .   y - +1 chain mail {rPois}
rPois    ∞         Reflect  .   i - +0 helmet
rElec    +         Harm     .   (no cloak)
rCorr    .         Rampage  .   p - +0 pair of gloves
Will     .....                  (no boots)
Stlth    ..........             (no amulet)
HPRegen  0.19/turn              z - +4 ring of protection
MPRegen  0.13/turn              t - ring of flight

@: brilliant, flying
A: sickness immunity, AC +6, negative energy resistance 1, electricity
resistance, torment resistance 1, petrification resistance
a: no special abilities


You were on level 8 of the Dungeon.
You visited 2 branches of the dungeon, and saw 9 of its levels.

You collected 402 gold pieces.
You spent 98 gold pieces at shops.

Inventory:

Hand Weapons
 a - a +0 war axe
 e - a +2 hand axe of electrocution (weapon)
Missiles
 h - 3 throwing nets
 j - 3 javelins (quivered)
Armour
 c - a +0 kite shield (worn)
 i - a +0 helmet (worn)
 p - a +0 pair of gloves (worn)
 y - a +1 chain mail of poison resistance (worn)
Jewellery
 m - a ring of magical power
 t - a ring of flight (right hand)
 z - a +4 ring of protection (left hand)
Wands
 o - a wand of acid (6)
 x - a wand of flame (13)
 A - a wand of paralysis (8)
Scrolls
 f - a scroll of enchant weapon {unknown}
 g - 5 scrolls of identify {unknown}
 k - 2 scrolls of immolation {unknown}
 l - a scroll of amnesia {unknown}
 n - a scroll of teleportation {unknown}
 q - 2 scrolls of noise {unknown}
 v - a scroll of summoning {unknown}
 B - a scroll of fear {unknown}
Potions
 b - a potion of lignification {unknown}
 d - a potion of might
 r - a potion of invisibility {unknown}
 s - a potion of curing
 u - a potion of brilliance
 w - a potion of flight {unknown}


   Skills:
 + Level 7.5 Fighting
 * Level 8.3 Axes
 + Level 7.5 Armour
 - Level 3.2 Shields
 + Level 4.8 Invocations


You had 8 spell levels left.
You didn't know any spells.
Your spell library contained the following spells:

 Spells                   Type           Power      Damage    Failure   Level
 Sandblast                Erth           0%         2d4       100%        1
 Sting                    Tmut/Pois      0%         1d3       100%        1
 Passwall                 Tmut/Erth      0%         N/A       100%        2
 Poisonous Vapours        Pois/Air       0%         N/A       100%        2
 Inner Flame              Hex/Fire       0%         N/A       100%        3
 Cause Fear               Hex            0%         N/A       100%        4
 Olgreb's Toxic Radiance  Pois           0%         N/A       100%        4
 Lee's Rapid Deconstruct  Erth           0%         3d5*      100%        5
 Discord                  Hex            0%         N/A       100%        8


Dungeon Overview and Level Annotations

Branches:
Dungeon (8/15)             Temple (1/1) D:7
   Lair: D:8-11

Altars:
Ashenzari
Cheibriados
Elyvilon
Gozag
Hepliaklqana
Makhleb
Nemelex Xobeh
Qazlal
Ru
Sif Muna
Trog
Uskayaw
Vehumet
Zin
The Shining One
Lugonu

Shops:
D:4 [

Annotations:
D:2 1 runed translucent door, Crazy Yiuf


Innate Abilities, Weirdness & Mutations

You are immune to sickness and miasma.
Your stone body is resilient. (AC +6)
You are immune to poison.
You resist negative energy. (rN+)
You are resistant to electric shocks. (rElec)
You are resistant to unholy torment.
You are immune to petrification.


Message History

Here: a boulder beetle The floor.
The boulder beetle curls into a ball and begins rolling!
You hit the boulder beetle but do no damage.
The boulder beetle hits you but does no damage.
The boulder beetle stops rolling and uncurls.
You hit the boulder beetle.
The boulder beetle is lightly wounded.
The boulder beetle bites you!!
You hit the boulder beetle.
The boulder beetle is lightly wounded.
The boulder beetle bites you.
You hit the boulder beetle.
Lightning courses through the boulder beetle!
The boulder beetle is moderately wounded.
The boulder beetle barely misses you. The boulder beetle bites you.
You hit the boulder beetle.
The boulder beetle is moderately wounded.
You block the boulder beetle's attack.
You hit the boulder beetle but do no damage.
The boulder beetle is moderately wounded.
The boulder beetle bites you but does no damage.
You hit the boulder beetle but do no damage.
The boulder beetle is moderately wounded.
The boulder beetle bites you!
* * * LOW HITPOINT WARNING * * *
You hit the boulder beetle but do no damage.
The boulder beetle is moderately wounded.
The boulder beetle leaps!
It was a potion of curing.
You feel better.
It was a potion of brilliance.
You feel clever all of a sudden.
The boulder beetle curls into a ball and begins rolling!
You block the boulder beetle's attack.
The boulder beetle stops rolling and uncurls.
The boulder beetle curls into a ball and begins rolling!
You see here a water moccasin corpse.
The boulder beetle hits you!!!
Ouch! That really hurt!
You die...

(........#
.........#
#........+
.........#########
.#........°°B)○..#
..........######.#
##........#....#.#
..........#.##.#°#
##.#+####.#@#.<#°#
.. #.#B####.#
#.#.○°°..#
#.######## #.#


You could see a boulder beetle (rolling).

Vanquished Creatures
  Harold (D:7)
  Duvessa (D:5)
  A water moccasin (D:8)
  3 sky beasts
  A black bear (D:6)
  A necrophage (D:5)
  A hornet zombie (D:7)
  An ogre (D:5)
  2 phantoms
  2 kobold brigands
  A gnoll sergeant (D:6)
  3 scorpions
  Dowan (D:5)
  3 howler monkeys (D:7)
  3 jellies
  A bullfrog skeleton (D:6)
  An iron imp (D:3)
  2 hounds
  A gnoll shaman (D:6)
  Natasha (D:3)
  2 orc wizards (D:6)
  A hound zombie (D:5)
  A howler monkey zombie (D:6)
  Robin (D:2)
  A howler monkey skeleton (D:7)
  6 adders
  12 gnolls
  3 shadow imps (D:6)
  2 white imps (D:7)
  2 ufetubi
  4 worms
  3 dart slugs
  9 orcs
  7 ball pythons
  7 endoplasms
  12 goblins
  11 hobgoblins
  12 jackals
  2 quokkas
  3 bats
  4 frilled lizards
  14 kobolds
  6 rats
156 creatures vanquished.

Notes
Turn   | Place    | Note
-------+----------+-------------------------------------------
     0 | D:1      | pokedragonboy the Gargoyle Fighter began the quest for the
                  | Orb.
     0 | D:1      | Reached XP level 1. HP: 14/14 MP: 1/1
   314 | D:1      | Reached skill level 2 in Axes
   496 | D:1      | Reached XP level 2. HP: 19/19 MP: 2/2
  1144 | D:2      | Reached XP level 3. HP: 23/23 MP: 3/3
  1238 | D:2      | Noticed Robin
  1254 | D:2      | Killed Robin
  1255 | D:2      | Reached skill level 3 in Axes
  1255 | D:2      | Reached XP level 4. HP: 19/29 MP: 4/4
  1558 | D:2      | Found a runed translucent door.
  1559 | D:2      | Noticed Crazy Yiuf
  1811 | D:3      | Found a white marble altar of Elyvilon.
  1825 | D:3      | Reached XP level 5. HP: 24/33 MP: 5/5
  2128 | D:3      | Found a faded altar of an unknown god.
  2560 | D:3      | Noticed Natasha
  2566 | D:3      | Killed Natasha
  2567 | D:3      | Reached skill level 4 in Axes
  2567 | D:3      | Reached XP level 6. HP: 39/39 MP: 6/6
  2682 | D:3      | Found a snail-covered altar of Cheibriados.
  2975 | D:4      | Found a glowing silver altar of Zin.
  3284 | D:4      | Found Uxesoudd's Armour Boutique.
  3295 | D:4      | Bought a +0 chain mail for 49 gold pieces
  3295 | D:4      | Bought a +0 pair of gloves for 49 gold pieces
  3356 | D:4      | Found a stormy altar of Qazlal.
  3408 | D:5      | Entered Level 5 of the Dungeon
  3419 | D:5      | Reached skill level 5 in Fighting
  3419 | D:5      | Reached skill level 5 in Armour
  3463 | D:5      | Reached XP level 7. HP: 42/44 MP: 7/7
  3491 | D:5      | Reached skill level 5 in Axes
  3544 | D:5      | Found a hazy altar of Hepliaklqana.
  3661 | D:5      | Found a bloodstained altar of Trog.
  3727 | D:5      | Noticed Duvessa
  3728 | D:5      | Noticed Dowan
  3737 | D:5      | Killed Dowan
  3743 | D:5      | Killed Duvessa
  3744 | D:5      | Reached skill level 1 in Invocations
  3744 | D:5      | Reached XP level 8. HP: 30/51 MP: 8/8
  3995 | D:5      | Reached skill level 6 in Axes
  5399 | D:6      | Reached skill level 7 in Axes
  5574 | D:7      | Found a radiant altar of Vehumet.
  5583 | D:7      | Found a staircase to the Ecumenical Temple.
  5628 | Temple   | Entered the Ecumenical Temple
  5715 | D:7      | Noticed Harold
  5742 | D:7      | Killed Harold
  5743 | D:7      | Reached XP level 9. HP: 50/57 MP: 12/12
  6109 | D:7      | Reached skill level 8 in Axes
  6841 | D:8      | Noticed a boulder beetle
  6873 | D:8      | Mangled by a boulder beetle

Illustrated notes

Levels and vault maps discovered:
D:1:      co_arrival_two_rings, layout_loops_cross, palyth_stone_intersect,
          supply_closet_lemuel
D:2:      layout_rooms, grunt_ministairs_4, kennysheep_generic_room_12,
          uniq_crazy_yiuf_cottage, uniq_robin
D:3:      layout_loops_ring, mainiacjoe_overflow_catwalk, slow_altar_2,
          basic_ecumenical_altar, uniq_natasha
D:4:      layout_basic, nicolae_qazlal_general_emergency,
          mainiacjoe_overflow_small_starburst, serial_shops, shop
D:5:      layout_loops_cross, nicolae_hepliaklqana_hippocampus,
          lemuel_round_altar, uniq_duvessa
D:6:      layout_loops_cross
D:7:      layout_basic, fiery_altar_vehumet,
          minmay_temple_entry_statues_fountains, nicolae_wand_duel,
          hangedman_abyss_or_decor_stabs, uniq_harold
D:8:      layout_basic, lemuel_round_altar, minmay_manual_moon
Temple:   corrupted_temple

Skill      XL: |  1  2  3  4  5  6  7  8  9 |
---------------+----------------------------+-----
Axes           | 2 3 4 5 7 8 |  8.3
Fighting       | 4 5 7 |  7.5
Armour         | 4 5 7 |  7.5
Invocations    | 1 4 |  4.8
Shields        | |  3.2

Action                   |  1- 3 |  4- 6 |  7- 9 || total
-------------------------+-------+-------+-------++-------
Melee: Hand axe          |    76 |   133 |   320 ||   529
       War axe           |     4 |       |       ||     4
  Use: Potion            |       |       |     2 ||     2
Armor: Scale mail        |    44 |    36 |       ||    80
       Chain mail        |       |    12 |   193 ||   205
Dodge: Dodged            |    27 |    37 |    48 ||   112
Block: Kite shield       |    47 |    60 |   106 ||   213
